Map: Apotheosis LE

Players

HotPiron - Winner!

  • Race: Terran Terran
  • League: Gold

Gracz

  • Race: Protoss Protoss
  • League: Silver

VOD

Have the link to the VOD?

Description

Time

  • Played on: Oct. 25, 2016, 12:36 p.m.
  • Length: 29:20
Show
View Real Time Build Order
Export as new Build Order

HotPiron Terran - Winner!

Build Orders: MMM Bio 

Get SALT Encoding   

  12  0:02  SCV  
  13  0:14  SCV  
  13  0:19  Supply Depot  
  14  0:26  SCV  
  15  0:37  Refinery  
  15  0:40  SCV  
  16  0:47  Barracks  
  16  0:53  SCV  
  17  1:08  SCV  
  18  1:20  SCV  
  19  1:33  SCV  
  20  1:41  Unknown, Command Center  
  20  1:46  Orbital Command  
  20  2:13  SCV  
  21  2:18  Marine  
  22  2:24  Factory  
  22  2:25  SCV  
  23  2:31  Refinery  
  23  2:44  Supply Depot  
  23  2:47  Supply Depot  
  23  2:53  Marine, Unknown, SCV  
  25  2:59  Barracks  
  25  3:08  Supply Depot  
  25  3:09  Starport  
  25  3:12  Widow Mine  
  27  3:20  Engineering Bay  
  27  3:22  SCV  
  27  3:26  SCV  
  29  3:39  Barracks  
  29  3:40  SCV, Widow Mine  
  32  3:47  SCV  
  33  3:51  Barracks Reactor  
  33  3:55  Missile Turret  
  33  3:59  SCV x2  
  33  4:01  Barracks Tech Lab  
  35  4:05  Starport Reactor  
  35  4:09  Starport  
  35  4:12  SCV  
  36  4:24  SCV  
  36  4:28  Supply Depot  
  37  4:32  Barracks Reactor  
  37  4:41  Barracks  
  37  4:47  Hellion  
  37  4:49  Planetary Fortress  
  37  4:50  SCV  
  40  4:55  Reaper  
  40  4:56  Reaper  
  42  5:02  SCV  
  43  5:07  Refinery  
  43  5:08  Refinery  
  43  5:14  SCV  
  44  5:24  Missile Turret  
  44  5:25  SCV  
  44  5:26  SCV  
  46  5:29  Starport Tech Lab  
  46  5:35  Barracks Tech Lab  
  46  5:39  Barracks  
  46  5:45  SCV  
  46  5:46  SCV  
  46  5:47  Missile Turret  
  48  5:56  Factory Tech Lab  
  48  5:57  SCV  
  48  5:58  SCV  
  48  6:00  Viking x2  
  54  6:08  Missile Turret  
  54  6:10  SCV  
  55  6:17  Supply Depot  
  55  6:21  Marine  
  55  6:22  Marine, Marauder  
  55  6:25  SCV  
  60  6:39  Supply Depot  
  60  6:43  Barracks Tech Lab, Marauder  
  62  6:48  Factory  
  62  6:49  Stimpack  
  62  6:50  Combat Shields  
  62  7:03  Supply Depot  
  62  7:06  Unknown, Command Center  
  60  7:24  Marine x2  
  60  7:25  Marauder x2  
  60  7:26  Marine  
  60  7:28  Medivac x2  
  71  7:30  SCV x2  
  73  7:39  Siege Tank  
  73  7:42  SCV x2  
  78  7:46  Marauder  
  80  7:52  Supply Depot  
  80  7:56  SCV x2  
  80  7:58  Supply Depot  
  82  8:06  Medivac  
  82  8:08  SCV  
  82  8:09  Raven  
  82  8:12  Siege Tank  
  90  8:14  Terran Infantry Armor Level 1  
  90  8:15  Supply Depot  
  90  8:17  SCV  
  90  8:18  Unknown  
  91  8:20  SCV  
  92  8:29  SCV  
  93  8:43  SCV x3  
  96  8:50  Marine x3  
  96  8:51  Marine, Marauder x2  
  96  8:55  SCV x3  
  107  9:07  SCV x3  
  107  9:08  Marine x3  
  107  9:09  Marine  
  114  9:11  Medivac  
  114  9:12  Medivac, Marauder  
  114  9:13  Marauder  
  122  9:19  SCV  
  123  9:25  Marine  
  123  9:26  Marine x2  
  123  9:27  Marine  
  127  9:33  Marine  
  127  9:34  Marauder  
  127  9:37  Sensor Tower  
  130  9:43  Marine x2  
  130  9:44  Marine  
  133  9:50  Supply Depot  
  133  9:52  Sensor Tower  
  133  9:54  Supply Depot  
  133  10:08  Terran Infantry Weapons Level 1  
  133  10:09  Armory, Factory Tech Lab  
  133  10:11  Marine x4  
  133  10:12  Marauder x2  
  133  10:13  Supply Depot  
  141  10:18  Supply Depot  
  141  10:28  Sensor Tower  
  141  10:29  Marine  
  141  10:31  Refinery  
  141  10:33  Marine x2  
  141  10:34  Refinery  
  141  10:35  Marine x2  
  144  10:37  Marine, Supply Depot  
  144  10:38  Sensor Tower  
  147  10:46  Supply Depot  
  147  10:47  Marine  
  148  10:51  Marine, Marauder  
  151  11:08  Supply Depot  
  151  11:19  Marine x2  
  153  11:27  Marine x4  
  153  11:30  Medivac x3  
  153  11:31  Supply Depot  
  163  11:37  Marine x2  
  165  11:45  Marauder  
  165  11:46  Marauder  
  169  11:54  Supply Depot  
  169  12:00  Viking  
  171  12:07  Marauder x2  
  129  12:18  Supply Depot  
  106  12:31  Marauder x2  
  106  12:34  Siege Tank  
  106  12:35  Siege Tank  
  112  12:40  Planetary Fortress  
  112  12:45  Marine x3  
  112  12:46  Marine  
  116  12:52  Marauder  
  116  12:53  Marauder  
  119  13:03  Marine  
  120  13:06  Siege Tank  
  120  13:07  Siege Tank  
  126  13:14  Marauder x2  
  130  13:35  Marauder x2  
  130  13:38  Siege Tank  
  130  13:39  Siege Tank  
  139  13:46  Unknown, Command Center  
  139  13:48  Marine  
  140  13:56  Medivac x2, Marauder  
  140  13:57  Marauder  
  148  14:11  Siege Tank x2  
  154  14:18  Marauder x2  
  158  14:39  Marauder x2  
  158  14:40  Marine x4  
  158  14:42  Terran Infantry Weapons Level 2  
  158  14:43  Siege Tank x2  
  172  14:46  Terran Vehicle Weapons Level 1  
  171  14:57  Marine  
  171  14:58  Marine, Unknown  
  173  15:01  Marauder x2  
  177  15:48  Medivac x2  
  181  15:52  Marine x2  
  181  15:53  Marine  
  181  15:54  Marauder  
  186  15:58  Refinery  
  186  16:01  Refinery  
  161  16:58  Terran Infantry Armor Level 2  
  151  17:04  Marine x2  
  151  17:05  Marine x4  
  157  17:50  Marine x4  
  163  17:51  Marauder x2  
  107  18:08  Marine x2  
  107  18:12  Marine  
  90  18:13  Marine, Marauder x2  
  90  18:16  Siege Tank  
  90  18:17  Siege Tank  
  92  18:26  Marine x2  
  94  18:30  Marine  
  97  18:34  Marauder x2  
  97  18:38  Marine  
  100  18:43  Marine  
  100  18:44  Marine  
  100  18:48  Medivac x3, Marine  
  109  18:49  Siege Tank  
  114  18:55  Marauder  
  114  18:56  Marine, Marauder  
  117  19:06  Unknown, Command Center  
  117  19:12  Refinery  
  119  19:17  Marauder x2  
  119  19:18  Medivac x2  
  125  19:26  Sensor Tower  
  125  19:38  Marauder  
  127  19:39  Marauder  
  127  19:40  Marine  
  130  19:47  Sensor Tower  
  130  19:59  Marauder  
  132  20:00  Marauder  
  134  20:17  Unknown  
  134  20:21  Marauder x2  
  138  20:32  Barracks  
  129  20:42  Marauder  
  131  20:43  Marauder  
  133  20:58  Marine  
  133  20:59  Marine x3  
  133  21:01  Medivac x3  
  133  21:04  Marauder x2  
  147  21:16  Marine x2  
  149  21:21  Barracks  
  149  21:25  Marauder  
  153  21:26  Marauder  
  153  21:27  Marine x2  
  155  21:34  Marine  
  146  21:46  Marauder  
  148  21:47  Barracks Tech Lab  
  148  21:51  Terran Infantry Armor Level 3  
  147  22:12  Marauder  
  149  22:17  Marine x3, Marauder  
  149  22:21  Marine  
  149  22:22  Marauder  
  157  22:27  Barracks Tech Lab  
  157  22:33  Marauder  
  159  22:38  Marauder  
  159  22:40  Unknown, Command Center  
  159  22:43  Marauder  
  163  22:50  Sensor Tower  
  163  22:52  Marine  
  163  22:53  Marauder  
  163  22:54  Marauder  
  167  23:00  Marauder  
  167  23:01  Sensor Tower  
  167  23:05  Marauder  
  152  23:14  Marauder  
  152  23:16  Marauder  
  114  23:49  Marine x4  
  114  23:50  Marine, Marauder  
  114  23:51  Unknown, Marauder x2  
  125  24:07  Marine x4, Siege Tank x2  
  125  24:08  Marauder  
  137  24:12  Marauder x3  
  143  24:25  Marine x2  
  143  24:28  Terran Infantry Weapons Level 3  
  143  24:29  Marauder  
  146  24:33  Marauder x2  
  146  24:34  Marauder  
  152  24:39  Siege Tank x2  
  154  25:11  Siege Tank  
  154  25:12  Siege Tank  
  120  25:23  Medivac x2  
  120  25:24  Medivac  
  120  25:26  Marine x4  
  130  25:33  Marine x2  
  130  25:34  Marine  
  133  25:37  Marine  
  134  25:43  Marine  
  133  25:52  Marauder x3  
  133  25:53  Medivac x2  
  133  25:54  Medivac  
  133  25:55  Marauder  
  146  26:10  Marine  
  146  26:11  Marine  
  148  26:13  Marauder x3  
  148  26:17  Marauder  
  156  26:23  Marine x2  
  155  26:34  Marauder  
  155  26:35  Marauder x2  
  155  26:38  Marauder  
  163  26:42  Marine  
  163  26:52  Marine x3  
  166  26:56  Marine, Marauder x2  
  166  26:59  Marine  
  166  27:00  Marauder  
  174  27:10  Marine  
  174  27:14  Marauder  
  177  27:17  Marauder x2  
  177  27:19  Marine  
  177  27:20  Marine x2  
  177  27:21  Marauder  
  186  27:27  Marine  
  184  27:35  Marine  
  182  27:37  Marine x2  
  182  27:38  Marine x3  
  182  27:42  Marine  
  187  27:45  Marine  
  188  27:53  Marine  
  188  27:55  Marine x3  
  188  27:56  Marine x2  
  173  28:47  Marine x2  
  173  28:48  Marine x6  
Show
View Real Time Build Order
Export as new Build Order

Gracz Protoss 

Build Orders:  

Get SALT Encoding   

  12  0:09  Probe (Chrono Boost)  
  12  0:13  Pylon  
  13  0:21  Probe (Chrono Boost)  
  14  0:26  Assimilator  
  14  0:34  Probe (Chrono Boost)  
  15  0:54  Gateway  
  15  1:00  Pylon  
  15  1:02  Probe (Chrono Boost)  
  16  1:12  Probe (Chrono Boost)  
  17  1:21  Gateway  
  17  1:25  Gateway  
  17  1:34  Probe (Chrono Boost)  
  18  1:49  Cybernetics Core  
  18  1:51  Probe (Chrono Boost)  
  19  2:14  Probe (Chrono Boost)  
  19  2:15  Warp Gate  
  20  2:16  Assimilator  
  20  2:23  Gateway  
  20  2:28  Stalker  
  22  2:30  Mothership Core (Chrono Boost)  
  22  2:34  Stalker  
  26  2:50  Probe (Chrono Boost)  
  27  3:19  Unknown, Nexus  
  28  3:21  Probe (Chrono Boost)  
  28  3:23  Pylon  
  28  3:36  Twilight Council  
  28  3:47  Robotics Facility  
  28  3:54  Probe (Chrono Boost)  
  29  4:06  Probe (Chrono Boost)  
  30  4:15  Blink  
  30  4:16  Robotics Facility  
  30  4:30  Unknown  
  30  4:35  Pylon  
  30  4:44  Pylon  
  30  4:46  Pylon  
  30  4:47  Pylon  
  30  4:52  Probe (Chrono Boost)  
  31  5:00  Immortal  
  35  5:11  Probe (Chrono Boost)  
  36  5:22  Probe (Chrono Boost)  
  36  5:23  Probe (Chrono Boost)  
  36  5:26  Stalker  
  36  5:28  Stalker  
  42  5:46  Forge  
  42  5:54  Robotics Bay  
  42  5:56  Templar Archives  
  42  6:03  Assimilator  
  42  6:06  Assimilator, Probe (Chrono Boost)  
  42  6:10  Probe (Chrono Boost)  
  44  6:14  Observer  
  44  6:16  Immortal  
  49  6:30  Stalker  
  51  6:33  Probe (Chrono Boost)  
  51  6:35  Probe (Chrono Boost)  
  53  6:42  Stalker  
  55  6:49  Probe (Chrono Boost)  
  55  6:50  Probe (Chrono Boost)  
  57  6:59  Probe (Chrono Boost)  
  57  7:00  Disruptor  
  62  7:02  Probe (Chrono Boost)  
  60  7:24  Stalker x4  
  68  7:48  Stalker x4  
  76  7:54  Probe (Chrono Boost)  
  77  8:08  Protoss Ground Weapons Level 1, Psionic Storm  
  77  8:16  Gateway  
  77  8:17  Gateway  
  77  8:28  Stalker  
  79  8:49  Unknown, Nexus  
  79  8:52  Pylon  
  79  8:55  Probe x2 (Chrono Boost)  
  81  8:58  High Templar  
  81  8:59  High Templar  
  85  9:08  Colossus  
  85  9:09  Pylon  
  91  9:27  Probe x2 (Chrono Boost)  
  91  9:28  Stalker  
  95  9:32  Sentry x2  
  99  9:48  Probe x2 (Chrono Boost)  
  101  9:55  Disruptor  
  101  9:56  Pylon  
  101  10:00  Unknown  
  101  10:01  Pylon  
  101  10:03  Pylon  
  101  10:06  Pylon  
  104  10:09  Stalker x2  
  108  10:14  Stalker  
  110  10:23  Stalker  
  112  10:32  Immortal  
  116  10:41  Probe (Chrono Boost)  
  116  10:42  Probe x2 (Chrono Boost)  
  119  10:54  Probe (Chrono Boost)  
  120  11:07  Stalker x2  
  120  11:08  Stalker x2  
  127  11:36  Stalker x3  
  127  11:37  Stalker  
  135  11:44  Disruptor  
  135  11:47  Gateway  
  135  11:48  Disruptor  
  135  11:50  Gateway  
  135  11:51  Gateway  
  135  11:52  Stalker  
  143  11:54  Gateway x2  
  143  11:59  High Templar  
  143  12:01  High Templar  
  103  12:36  Stalker x3  
  103  12:37  Stalker x3  
  115  12:49  Stalker, Probe (Chrono Boost)  
  115  12:50  Probe x2 (Chrono Boost)  
  120  12:51  Sentry  
  120  12:52  Sentry x2  
  126  13:02  Probe x2 (Chrono Boost)  
  126  13:04  Stalker  
  126  13:05  Stalker x2  
  134  13:07  Probe (Chrono Boost)  
  134  13:10  Assimilator  
  134  13:12  Assimilator  
  136  13:14  Probe x2 (Chrono Boost)  
  137  13:22  Stalker x3  
  143  13:46  High Templar  
  145  13:56  Stalker x2  
  149  14:06  Pylon  
  149  14:08  Pylon  
  149  14:26  Pylon  
  149  14:28  Pylon  
  149  14:30  Unknown, Pylon, Nexus  
  149  14:32  Archon  
  149  14:34  Pylon, High Templar x3  
  149  14:36  Pylon  
  149  14:38  High Templar  
  153  14:55  Stalker x3  
  153  14:56  Stalker  
  161  15:01  Observer  
  161  15:04  Observer  
  163  15:25  Probe (Chrono Boost)  
  163  15:26  Probe x2 (Chrono Boost)  
  166  15:33  Stalker x3  
  166  15:35  Sentry x2  
  174  15:38  Probe (Chrono Boost)  
  174  15:42  Unknown  
  177  15:55  Assimilator  
  177  15:59  Assimilator  
  177  16:02  Stalker x2  
  177  16:03  Stalker x3  
  177  16:04  Stalker  
  155  17:02  High Templar x3  
  161  17:10  Archon x2  
  161  17:18  Archon  
  161  17:19  Stalker  
  161  17:20  Stalker  
  73  18:25  Stalker x4  
  73  18:26  Stalker x3  
  79  18:27  Stalker x2  
  79  18:28  Stalker x2  
  81  18:48  Probe x2 (Chrono Boost)  
  85  18:49  Probe x2 (Chrono Boost)  
  85  19:00  Unknown, Nexus  
  85  19:03  Pylon  
  85  19:05  Probe (Chrono Boost)  
  85  19:06  Probe (Chrono Boost)  
  85  19:07  Mothership Core (Chrono Boost), Pylon, Probe (Chrono Boost)  
  85  19:08  Assimilator, Stalker x3  
  85  19:09  Stalker x4  
  104  19:10  Stalker x2  
  104  19:12  Assimilator  
  108  19:23  Stalker x2, Immortal x2  
  120  19:35  Stalker x2  
  120  19:36  Stalker  
  126  19:44  Probe x2 (Chrono Boost)  
  130  19:45  Probe x2 (Chrono Boost)  
  130  19:47  Stalker x3  
  136  20:06  Immortal x2  
  136  20:11  Unknown  
  144  20:14  Stalker  
  144  20:15  Stalker  
  148  20:44  Stalker x3  
  148  20:45  Stalker  
  148  20:46  Stalker  
  158  20:53  Stalker x2  
  162  21:02  High Templar x2  
  162  21:04  High Templar  
  168  21:13  High Templar  
  170  21:18  Stalker  
  172  21:55  Stalker  
  172  21:56  Stalker x6  
  172  21:57  Stalker  
  172  21:59  Stalker x2  
  172  22:00  Stalker  
  194  22:02  Protoss Ground Weapons Level 2  
  194  22:03  Immortal  
  198  22:33  Stalker  
  85  23:33  Stalker x3  
  85  23:34  Stalker x5  
  93  23:35  Stalker x3  
  93  23:41  Colossus  
  105  23:42  Colossus  
  117  24:00  High Templar x3  
  117  24:02  Stalker  
  125  24:19  Stalker x3  
  125  24:20  Stalker x2  
  135  24:32  Stalker x2  
  135  24:33  Protoss Ground Weapons Level 3  
  135  24:34  Stalker x3  
  139  24:45  Stalker x3  
  81  25:23  Stalker x4  
  83  25:52  Pylon  
  72  25:57  Pylon  
  72  26:00  Pylon  
  71  26:05  Gateway  
  71  26:06  Stalker x2  
  71  26:07  Stalker x2, Gateway  
  71  26:08  Gateway  
  71  26:09  Gateway  
  76  26:14  Sentry  
  76  26:15  Sentry  
  80  26:36  Stalker x2  
  82  26:53  Stargate  
  82  26:57  Stargate  
  82  26:58  Stargate  
  82  27:03  Stargate x2  
  82  27:06  Stargate  
  82  27:20  Stalker x3  
  63  27:45  Void Ray  
  63  27:47  Void Ray  
  63  27:48  Void Ray  
  63  27:49  Void Ray  
  67  27:53  Void Ray  
  72  28:09  Zealot x4  
  72  28:10  Zealot x3  
Tags
 
Add a new tag
Caveats
  • Supply blocks, unpowered buildings, or Contaminate may cause inaccurate times.
  • Supply counts are checked every 10 seconds.